 Dungeon Crawl Stone Soup version 0.29.1-13-g9f3cf754e1 (webtiles) character file.

Game seed: 3935460278402365664

81 cdecastro the Firebug (level 4, -9/35 HPs)
             Began as a Mummy Cinder Acolyte on Jan 28, 2023.
             Was a High Priest of Ignis.
             Mangled by Sigmund
             ... wielding a +0 scythe
              (12 damage)
             ... on level 3 of the Dungeon.
             The game lasted 00:04:46 (2190 turns).

cdecastro the Firebug (Mummy Cinder Acolyte)        Turns: 2190, Time: 00:04:47

Health: -9/35      AC:  2    Str: 17    XL:     4   Next: 19%
Magic:  2/6        EV: 11    Int: 15    God:    Ignis [*****.]
Gold:   46         SH:  0    Dex:  7    Spells: 3/5 levels left

rFire   . . .      SeeInvis .   a - -1 spear (flame)
rCold   + . .      Faith    .   (no shield)
rNeg    + + +      Spirit   .   b - +0 robe
rPois   ∞          Reflect  .   (no helmet)
rElec   .          Harm     .   (no cloak)
rCorr   .          Rampage  .   (no gloves)
Will    .....                   (no boots)
Stlth   +.........              (no amulet)
HPRegen 0.11/turn               (no ring)
MPRegen 0.10/turn               (no ring)

@: no status effects
A: cold resistance 1, negative energy resistance 3, torment resistance 2, heat
vulnerability 1, in touch with death 1, no potions
a: Renounce Religion, Fiery Armour, Foxfire Swarm, Rising Flame


You were on level 3 of the Dungeon.
You worshipped Ignis.
Ignis was extremely pleased with you.
You visited 1 branch of the dungeon, and saw 3 of its levels.

You collected 46 gold pieces.

Inventory:

Hand Weapons
 a - a -1 spear of flaming (weapon)
Armour
 b - a +0 robe (worn)
Jewellery
 g - a +4 ring of evasion
Scrolls
 c - a scroll of poison {unknown}
 d - 2 scrolls of teleportation {unknown}
 e - 2 scrolls of enchant armour {unknown}
 f - a scroll of identify {unknown}


   Skills:
 - Level 3.0 Fighting
 - Level 2.4 Polearms
 - Level 1.3 Spellcasting
 + Level 4.2 Fire Magic


You had 3 spell levels left.
You knew the following spells:

 Your Spells              Type           Power      Damage    Failure   Level
a - Scorch                Fire           26%        2d6       6%          2

Your spell library contained the following spells:

 Spells                   Type           Power      Damage    Failure   Level
 Freeze                   Ice            4%         1d3       24%         1
 Call Canine Familiar     Summ           1%         N/A       56%         3
 Frozen Ramparts          Ice            2%         1d1       56%         3
 Portal Projectile        Hex/Tloc       2%         N/A       56%         3
 Hailstorm                Conj/Ice       1%         3d3       93%         4
 Leda's Liquefaction      Hex/Erth       0%         N/A       93%         4
 Summon Forest            Summ/Tloc      0%         N/A       100%        5
 Summon Mana Viper        Hex/Summ       1%         N/A       100%        5
 Summon Cactus Giant      Summ           0%         N/A       100%        6


Dungeon Overview and Level Annotations

Branches:
Dungeon (3/15)

Altars:

Annotations:
D:3 Jessica, Sigmund


Innate Abilities, Weirdness & Mutations

You are immune to poison.
Your flesh is cold resistant. (rC+)
You are immune to negative energy. (rN+++)
You are immune to unholy pain and torment.
You are vulnerable to heat. (rF-)
You are in touch with the powers of death.
You do not drink.


Message History

You closely miss Sigmund.
Sigmund is heavily wounded.
You barely miss Sigmund.
Sigmund is heavily wounded.
Sigmund hits you with a +0 scythe!
You barely miss Sigmund.
Sigmund is heavily wounded.
Sigmund hits you with a +0 scythe!
You hit Sigmund. You burn Sigmund.
Sigmund is heavily wounded.
Sigmund is no longer more vulnerable to fire.
You closely miss Sigmund.
Sigmund is heavily wounded.
Sigmund gestures at you while chanting. You resist with some effort.
You closely miss Sigmund.
Sigmund is heavily wounded.
Sigmund casts a spell at you. The puff of flame hits you!
* * * LOW HITPOINT WARNING * * *
You hit Sigmund but do no damage.
Sigmund is heavily wounded.
Sigmund casts a spell at you.
You are confused.
You bump into the rock wall.
Sigmund barely misses you.
You hit Sigmund. You burn Sigmund.
Sigmund is heavily wounded.
Sigmund hits you with a +0 scythe!
* * * LOW HITPOINT WARNING * * *
You barely miss Sigmund.
Sigmund is heavily wounded.
Sigmund hits you with a +0 scythe.
* * * LOW HITPOINT WARNING * * *
You bump into the rock wall.
Sigmund drinks a potion.
Sigmund is healed!
You feel less confused.
Sigmund points at you and mumbles some strange words.
You resist with some effort.
You closely miss Sigmund. Sigmund closely misses you.
You closely miss Sigmund. Sigmund hits you with a +0 scythe!
You die...

#.# #.#.## #.# #....# #.#
#..#.# #.# ###..#(#### #.##
#....#.>..#####.. #..#
#.#######.......# ##.#
#.<..#....####### ###
#.########.#.#### ##.##
#.##.......#@# ##########.#>#
#.##.#####..@###..!......###(
#.##.# #.....#.########.#.#
##.##.# #.......# #.##
##...#.# #...#.### #.#.
##.###..# #####.# ##..# ##.##
##.# #.# ####...# ...# #.#
#(# #<...#.# .#.## ##.#
#..........#$..#


You could see Sigmund.

Vanquished Creatures
  3 adders
  2 dart slugs (D:1)
  3 endoplasms
  A giant cockroach (D:2)
  5 goblins
  3 hobgoblins
  6 jackals
  3 quokkas
  7 ball pythons
  3 bats (D:1)
  3 frilled lizards (D:2)
  3 kobolds
  6 rats
48 creatures vanquished.

Notes
Turn   | Place    | Note
-------+----------+-------------------------------------------
     0 | D:1      | cdecastro the Mummy Cinder Acolyte began the quest for the
                  | Orb.
     0 | D:1      | Reached XP level 1. HP: 18/18 MP: 2/2
   404 | D:1      | Reached skill level 3 in Fire Magic
   404 | D:1      | Reached XP level 2. HP: 21/24 MP: 4/4
   472 | D:1      | Learned a level 2 spell: Scorch
  1001 | D:2      | Gained mutation: You are in touch with the powers of death.
                  | [Mummy growth]
  1001 | D:2      | Reached XP level 3. HP: 29/29 MP: 5/5
  1330 | D:2      | Found a faded altar of an unknown god.
  1664 | D:2      | Reached skill level 4 in Fire Magic
  1856 | D:3      | Reached XP level 4. HP: 34/35 MP: 6/6
  1999 | D:3      | Noticed Sigmund
  2000 | D:3      | Noticed Jessica
  2190 | D:3      | Mangled by Sigmund

Illustrated notes

Levels and vault maps discovered:
D:1:      minmay_arrival_diagonal_passages, layout_rooms,
          chequers_serial_rivers_small_a, skrybe_limestone_x,
          minmay_misc_feat_more_columns
D:2:      layout_rooms, dilly_ecumenical_altar_fadedgnrine,
          chequers_decorated_corner
D:3:      layout_loops_ring, uniq_jessica, uniq_robin, uniq_sigmund

Skill      XL: |  1  2  3 |
---------------+----------+-----
Fire Magic     | 3 4 |  4.2
Fighting       | |  3.0
Polearms       | |  2.4
Spellcasting   | |  1.3

Action                   |  1- 3 |  4- 6 || total
-------------------------+-------+-------++-------
Melee: Spear             |   130 |    16 ||   146
       Punch             |     2 |       ||     2
 Cast: Scorch            |    14 |    10 ||    24
Armor: Robe              |    16 |     3 ||    19
Dodge: Dodged            |    65 |     9 ||    74
